 Dungeon Crawl Stone Soup version 0.19.0-20-gbc5f0c6 (webtiles) character file.

428782 Patate the Slayer (level 23, 0/160 HPs)
             Began as a Gargoyle Fighter on Nov 12, 2016.
             Was a High Priest of Trog.
             Killed by divine providence
             ... invoked by Saint Roka
              (9 damage)
             ... on level 2 of the Elven Halls on Nov 16, 2016.
             The game lasted 06:31:28 (84267 turns).

Patate the Slayer (Gargoyle Fighter)               Turns: 84267, Time: 06:31:28

Health: 0/160      AC: 45    Str: 28    XL:     23   Next: 86%
Magic:  0/9        EV: 16    Int:  9    God:    Trog [*****.]
Gold:   2357       SH: 15    Dex: 17    Spells: 0 memorised, 22 levels left

rFire  + + .     SeeInvis .     a - +3 morningstar (antimagic)
rCold  + + .     Gourm    .     R - +6 plate armour "Taufuix" {MR+ Dex+8}
rNeg   + . .     Faith    .     Q - +0 shield of Mebbe {rPois}
rPois  ∞         Spirit   +     (helmet restricted)
rElec  +         Reflect  .     G - +1 cloak {MR+}
rCorr  +         Harm     .     i - +2 pair of gloves
MR     +++++                    K - +0 pair of boots of the Tired Lives {+Inv rF+} (curse)
Stlth  ..........               L - amulet "Aseal" {Spirit +Inv}
                                o - ring of resist corrosion
                                d - ring of protection from magic

@: resistant, corroded, flying, very slightly contaminated, regenerating
A: antennae 1, big wings, cold resistance 1, dopey 1, negative energy resistance
1, electricity resistance, unbreathing, petrification resistance, rot immunity,
AC +17
a: Stop Flying, Berserk, Trog's Hand, Brothers in Arms, Burn Spellbooks,
Renounce Religion, Evoke Invisibility
}: 2/15 runes: decaying, serpentine


You were on level 2 of the Elven Halls.
You worshipped Trog.
Trog was extremely pleased with you.
You were very hungry.

You visited 9 branches of the dungeon, and saw 42 of its levels.
You also visited: Sewer.

You collected 3902 gold pieces.
You spent 1545 gold pieces at shops.

Inventory:

Hand Weapons
 a - a +3 antimagic morningstar (weapon)
Missiles
 w - 6 silver javelins (quivered)
 x - a tomahawk
 S - 9 poisoned javelins
 T - 10 javelins of penetration
 U - 5 javelins of returning
 V - 2 steel tomahawks
 X - 6 tomahawks of returning
Armour
 c - +0 fire dragon scales {Xtahua}
 i - a +2 pair of gloves (worn)
 G - a +1 cloak of magic resistance (worn)
 K - the cursed +0 pair of boots of the Tired Lives (worn) {+Inv rF+}
   (You found it on level 5 of the Vaults)

   It protects you from fire.
   It lets you turn invisible.
   It has a curse placed upon it.
 Q - the +0 shield of Mebbe (worn) {rPois}
   (You found it on level 15 of the Dungeon)

   It protects you from poison.
 R - the +6 plate armour "Taufuix" (worn) {MR+ Dex+8}
   (You bought it in a shop on level 15 of the Dungeon)

   It affects your dexterity (+8).
   It affects your resistance to hostile enchantments.
 W - the +1 pair of gloves of Instinct {rN++ Dex-3 SInv}
   (You found it on level 1 of the Elven Halls)

   It affects your dexterity (-3).
   It greatly protects you from negative energy.
   It lets you see invisible.
Jewellery
 d - a ring of protection from magic (left hand)
 o - a ring of resist corrosion (right hand)
 L - the amulet "Aseal" (around neck) {Spirit +Inv}
   (You took it off a boggart on level 15 of the Dungeon)

   [amulet of guardian spirit]

   It causes incoming damage to be split between your health and magic.
   It lets you turn invisible.
Wands
 I - a wand of teleportation (1/9)
 N - a wand of teleportation (6/9)
Scrolls
 b - 5 scrolls of identify
 g - a scroll of fog
 j - 4 scrolls of enchant armour
 k - 7 scrolls of remove curse
 m - 5 scrolls of enchant weapon
 n - 2 scrolls of immolation
 p - 2 scrolls of holy word
 v - 3 scrolls of brand weapon
 E - 3 scrolls of magic mapping
 F - 3 scrolls of silence
 H - 5 scrolls of recharging
 M - a scroll of fear
Potions
 e - 2 potions of magic
 l - 3 potions of haste
 q - 2 potions of curing
 r - 2 potions of brilliance
 t - 3 potions of might
 u - 4 potions of invisibility
 A - 3 potions of flight
 C - 5 potions of ambrosia
 D - 3 potions of cancellation
 J - a potion of agility
 O - a potion of resistance
Comestibles
 f - 13 bread rations
 h - 11 meat rations
 z - 4 chunks of flesh


   Skills:
 + Level 21.6 Fighting
 - Level 17.3 Maces & Flails
 - Level 15.0 Throwing
 + Level 17.5 Armour
 - Level 12.2 Dodging
 - Level 16.0 Shields
   Level 2.9 Invocations
 - Level 9.0 Evocations


You had 22 spell levels left.
You didn't know any spells.

Dungeon Overview and Level Annotations

Branches:
Dungeon (15/15)            Temple (1/1) D:5            Lair (6/6) D:8
  Swamp (4/4) Lair:3        Snake (4/4) Lair:4        Slime (3/5) Lair:5
    Orc (2/2) D:12            Elf (2/3) Orc:2        Vaults (5/5) D:14
  Crypt (0/3) Vaults:2     Depths (0/5) D:15

Altars:
Ashenzari
Cheibriados
Dithmenos
Fedhas
Gozag
Hepliaklqana
Kikubaaqudgha
Makhleb
Nemelex Xobeh
Okawaru
Qazlal
Ru
Sif Muna
Trog
Uskayaw
Vehumet
Xom
Yredelemnul
Zin
The Shining One
Beogh

Shops:
D:9 %   D:15 [   Orc:2 !:}(*   Elf:1 %   Snake:1 }   Vaults:1 (   Vaults:2 }
Vaults:3 %

Annotations:
D:10 exclusion: oklob sapling
Elf:2 Louise, Saint Roka


Innate Abilities, Weirdness & Mutations

You are resistant to torment.
Your stone body is resilient. (AC +17)
You are immune to poison.
Your large and strong wings let you fly indefinitely.
You resist negative energy. (rN+)
You are resistant to electric shocks. (rElec)
You can survive without breathing.
You are immune to petrification.
You are immune to rotting.
You have a pair of small antennae on your head.
Your flesh is cold resistant. (rC+)
You are dopey. (Int -2)


Message History

Louise gestures at you while chanting. The bolt of lightning misses you.
The bolt of lightning hits the redback.
The redback dies!
The redback's corpse disappears in a puff of smoke!
The bolt of lightning hits the fire elemental.
The fire elemental resists.
The bolt of lightning hits the chaos spawn.
You block the jumping spider's attack.
The jumping spider bites you but does no damage.
You block the rust devil's attack. You block the orc's attack.
You feel better.
The jumping spider leaps!
Your two-headed ogre barely misses the chaos spawn.
Your two-headed ogre hits the chaos spawn with a giant club!
The chaos spawn dies!
The chaos spawn degenerates into a cloud of primal chaos!
The deep elf mage mumbles some strange words.
The deep elf mage blinks!
Saint Roka mumbles some strange prayers to Beogh against you.
Beogh smites you!
You die...

##..)## ##### ##.........
#...# #§§§# ##...o......
##.#### ##O## #...........
#....# ###§### ##)()(......
####.# ##.O.(.###.).).......
# #.## #..E#o((##'(...).....
###
#[.#####)o§seso§((#.........
..#
#.......)#o§4#e'.##.........
..#
##.#####.e§@o§.')'#...e.....
..# ###
#.§e#@§.##'....((.... ###
##§§.o§###........... #
###)### ##.......... ##.##
#........... #...#
##......... ##### ##........
##...#.... ##§§.###...


You could see Saint Roka, Louise, a demonic crawler, a deep elf archer, a rust
devil, 3 deep elf magi, a fire elemental, a redback, 5 orcs and a friendly
two-headed ogre (berserk).

Vanquished Creatures
  Margery (Vaults:3)
  The ghost of newuser the Wrestler, a veteran MiMo of Makhleb (Vaults:4)
  Xtahua (Vaults:3)
  2 golden dragons (Vaults:5)
  Nikola (Snake:2)
  3 tentacled monstrosities
  The ghost of SaltIsReal the Severer, an adept HuGl of Cheibriados (Swamp:4)
  2 quicksilver dragons
  3 titans (Vaults:5)
  2 Executioners
  7 acid blobs
  2 sphinxes
  2 thorn hunters
  2 storm dragons (Vaults:4)
  A shadow dragon (Vaults:5)
  5 tengu reavers
  A fire giant (Vaults:4)
  15 nagarajas
  3 azure jellies
  An iron dragon (Vaults:5)
  2 frost giants
  2 deep elf sorcerers
  2 deep elf elementalists (Elf:2)
  2 balrugs
  2 orc warlords (D:12)
  Aizul (Snake:1)
  11 vault wardens
  The ghost of Dioneo the Severer, a journeyman HOAK of Lugonu (Lair:4)
  A curse skull (Vaults:2)
  19 ironheart preservers
  A very ugly thing (Vaults:4)
  2 entropy weavers
  2 war gargoyles (Vaults:5)
  8 stone giants
  Nessos (Lair:5)
  A vampire knight (Vaults:2)
  3 deep elf annihilators
  A stone giant (shapeshifter) (Vaults:5)
  4 deep elf demonologists
  5 dire elephants
  Azrael (Elf:1)
  3 deep elf death magi
  A green death (D:11)
  7 ettins
  Josephine (Swamp:1)
  4 fire dragons
  11 yaktaur captains
  The ghost of Millan the Blocker, a journeyman MiFi of Ru (Orc:2)
  2 ice dragons (Vaults:2)
  29 hydras
  4 great orbs of eyes
  15 naga warriors
  Harold (Lair:2)
  25 vault guards
  10 centaur warriors
  10 anacondas
  A death knight (Vaults:4)
  2 deep troll earth magi (Vaults:5)
  2 ghost crabs
  13 dancing weapons
  6 alligators
  10 ogre magi
  2 tengu warriors (D:13)
  7 death yaks
  3 deep troll shamans
  An orc high priest (Elf:1)
  2 spriggan berserkers (Swamp:4)
  A spriggan (Swamp:1)
  A shock serpent (shapeshifter) (Elf:1)
  17 naga sharpshooters
  The ghost of StoryTimeSA the Basher, a novice FoCj of Vehumet (D:7)
  Nergalle (Orc:2)
  Urug (Lair:2)
  A titan skeleton (Vaults:5)
  9 shock serpents
  18 deep elf knights
  2 sea snakes (Snake:1)
  A shadow wraith (Vaults:4)
  3 hell knights (Vaults:3)
  4 unseen horrors
  21 deep trolls
  A deep troll (shapeshifter) (Vaults:5)
  8 wizards
  12 deep elf archers
  6 naga ritualists
  2 glowing orange brains
  3 flayed ghosts
  7 swamp dragons
  2 spriggan druids
  2 harpies (shapeshifter)
  3 necromancers
  A lindwurm (shapeshifter) (Vaults:5)
  A tengu zombie (Vaults:5)
  5 hill giants
  11 orc knights
  10 ironbrand convokers
  5 phantasmal warriors
  2 shambling mangroves
  7 wolf spiders
  9 orc sorcerers
  6 mana vipers
  56 deep elf magi
  27 ugly things
  A stone giant zombie (Vaults:1)
  The ghost of AAAAA the Slasher, a novice OpWr (D:5)
  A wolf spider (shapeshifter) (Vaults:5)
  3 manticores
  9 shining eyes
  A shining eye (shapeshifter) (Vaults:1)
  7 cyclopes
  5 salamanders
  A guardian serpent (shapeshifter) (Vaults:2)
  7 elephants
  3 torpor snails
  15 guardian serpents
  A water nymph (shapeshifter) (Vaults:1)
  A moth of wrath (shapeshifter) (Vaults:4)
  A human skeleton (Vaults:1)
  37 black mambas
  17 naga magi
  13 vault sentinels
  16 spiny frogs
  3 centaur skeletons
  2 orange demons
  2 gargoyles
  An eye of devastation (shapeshifter) (D:15)
  A human zombie (Vaults:1)
  66 yaktaurs
  6 kobold demonologists
  A rime drake (Lair:2)
  5 komodo dragons
  2 ice devils (Lair:1)
  A hellwing (D:8)
  8 freezing wraiths
  2 tengu conjurers (D:15)
  A jumping spider (Vaults:2)
  5 polar bears
  8 trolls
  2 yaktaur skeletons
  A jumping spider (shapeshifter) (Vaults:3)
  A merfolk (shapeshifter) (Vaults:3)
  24 two-headed ogres
  5 tyrant leeches
  8 hornets
  A blink frog (shapeshifter) (Vaults:5)
  A wolf spider simulacrum (D:15)
  31 slime creatures
  9 bog bodies
  8 hippogriffs
  23 blink frogs
  A hippogriff (shapeshifter) (Vaults:2)
  5 dream sheep
  A frost giant simulacrum (Vaults:3)
  Sigmund (D:2)
  A shadow (D:14)
  2 air elementals (Elf:1)
  4 redbacks (Vaults:2)
  5 water elementals
  3 wyverns
  6 wraiths
  A wyvern (shapeshifter) (Vaults:1)
  6 fire elementals
  2 ynoxinuls
  5 basilisks
  16 humans (D:14)
  76 yaks
  A golden eye (Slime:1)
  A neqoxec (D:8)
  25 vampire mosquitoes
  2 hungry ghosts
  A mottled dragon (Vaults:1)
  A redback simulacrum (D:14)
  18 swamp worms
  Menkaure (D:7)
  A steam dragon (D:10)
  A warg (shapeshifter) (Elf:2)
  A soldier ant (D:12)
  59 nagas
  5 wargs
  18 insubstantial wisps
  17 water moccasins
  A hell hound (Elf:1)
  7 porcupines
  Purgy (Sewer)
  5 black bears
  13 swamp drakes
  2 ice beasts
  8 sky beasts
  3 necrophages (D:7)
  53 orc warriors
  4 phantoms
  26 centaurs
  3 eyes of draining
  36 ogres
  9 wolves
  4 boggarts
  An elf skeleton (Vaults:5)
  17 crocodiles
  10 big kobolds
  A bullfrog (shapeshifter) (D:15)
  An earth elemental (Elf:2)
  23 bullfrogs
  A wyvern zombie (D:6)
  A water moccasin skeleton (D:11)
  5 scorpions
  The ghost of Schattenjager the Bolt Thrower, a weakling DrWn (D:3)
  13 killer bees
  23 wights
  16 howler monkeys
  4 electric eels
  A centaur zombie (D:6)
  6 crimson imps
  2 quasits (D:12)
  Crazy Yiuf (D:5)
  5 bullfrog zombies
  A bullfrog skeleton (D:8)
  36 orc priests
  12 hounds
  6 jellies
  50 orc wizards
  Ijyb (D:2)
  2 iguanas
  Natasha (thrice) (D:2)
  A worker ant (shapeshifter) (Vaults:1)
  10 worker ants
  2 hound zombies
  A hound skeleton (D:4)
  2 worker ant zombies
  4 gnolls
  22 adders
  4 shadow imps
  2 oozes (D:2)
  2 adder skeletons (D:8)
  2 worms
  4 dart slugs
  9 leopard geckos
  170 orcs
  18 ball pythons
  11 bats
  12 giant cockroaches
  8 goblins
  8 hobgoblins
  4 jackals (D:10)
  4 quokkas
  7 frilled lizards
  A giant cockroach zombie (D:6)
  33 kobolds
  2 leopard gecko skeletons (D:7)
  A quokka skeleton (D:6)
  5 rats
  A bush (Lair:5)
  A fungus (Lair:2)
  2 plants
1994 creatures vanquished.

Vanquished Creatures (collateral kills)
  Asterion (Elf:2)
  Agnes (Snake:1)
  A thorn hunter (Swamp:4)
  2 nagarajas (Snake:4)
  A frost giant (Vaults:2)
  An ironheart preserver (Vaults:2)
  A reaper (Vaults:2)
  2 ettins
  2 vault guards (D:14)
  2 hydras (Swamp:4)
  A centaur warrior (Vaults:2)
  4 dancing weapons (Elf:2)
  2 anacondas
  A deep elf knight (Elf:2)
  An unseen horror (D:15)
  A wizard (D:14)
  A glowing orange brain (Vaults:2)
  A swamp dragon (Swamp:4)
  An ironbrand convoker (Vaults:2)
  A hill giant (D:13)
  2 orc knights
  2 orc sorcerers (Orc:2)
  A naga mage (Snake:1)
  2 guardian serpents
  2 vault sentinels
  A komodo dragon (D:15)
  A kobold demonologist (D:13)
  A tengu conjurer (D:15)
  A troll (Elf:2)
  6 slime creatures
  A vampire (D:15)
  A wraith (D:15)
  2 humans (D:14)
  A boggart (D:15)
  2 ogres
  A centaur (D:13)
  A wight (D:15)
  2 orc wizards (Orc:2)
  5 orcs (Orc:2)
  2 kobolds (D:13)
65 creatures vanquished.

Vanquished Creatures (others)
  An ironbrand convoker (Vaults:5)
  An unseen horror (shapeshifter) (Vaults:3)
  A necromancer (Vaults:3)
  A spiny frog (Lair:5)
  2 nagas (Snake:4)
  2 swamp drakes (Swamp:4)
  2 boggarts
  An orc wizard (D:7)
  A bush (D:7)
  31 fungi
  54 plants
97 creatures vanquished.

Grand Total: 2156 creatures vanquished

Notes
Turn   | Place    | Note
-------+----------+-------------------------------------------
     0 | D:1      | Patate the Gargoyle Fighter began the quest for the Orb.
     0 | D:1      | Reached XP level 1. HP: 14/14 MP: 1/1
    97 | D:1      | Reached XP level 2. HP: 15/20 MP: 2/2
   435 | D:1      | Found a sparkling altar of Nemelex Xobeh.
   467 | D:1      | Reached skill level 4 in Fighting
   583 | D:1      | Reached XP level 3. HP: 24/24 MP: 3/3
   686 | D:2      | Noticed Sigmund
   686 | D:2      | Noticed Ijyb
  1193 | D:2      | Reached XP level 4. HP: 19/30 MP: 4/4
  1316 | D:2      | Killed Sigmund
  1316 | D:2      | Reached skill level 5 in Fighting
  1316 | D:2      | Reached XP level 5. HP: 19/35 MP: 5/5
  1316 | D:2      | Reached XP level 6. HP: 21/40 MP: 6/6
  1560 | D:2      | Found a stormy altar of Qazlal.
  1574 | D:2      | Found a shimmering altar of Xom.
  1575 | D:2      | Found a snail-covered altar of Cheibriados.
  1575 | D:2      | Found an opulent altar of Gozag.
  1644 | D:2      | Noticed Natasha
  1670 | D:2      | Killed Natasha
  1855 | D:2      | Noticed Natasha
  1861 | D:2      | Killed Ijyb
  1861 | D:2      | Reached skill level 6 in Fighting
  1869 | D:2      | Killed Natasha
  1874 | D:2      | Noticed Natasha
  1880 | D:2      | Killed Natasha
  2064 | D:3      | Noticed Schattenjager's ghost (weakling DrWn)
  2077 | D:3      | Killed Schattenjager's ghost
  2143 | D:3      | Found a hazy altar of Hepliaklqana.
  2647 | D:3      | Reached XP level 7. HP: 47/47 MP: 7/7
  2926 | D:3      | Found a shimmering altar of Xom.
  3215 | D:4      | Reached skill level 7 in Fighting
  3215 | D:4      | Reached skill level 5 in Armour
  4219 | D:5      | Entered Level 5 of the Dungeon
  4232 | D:5      | Noticed AAAAA's ghost (novice OpWr)
  4262 | D:5      | Killed AAAAA's ghost
  4262 | D:5      | Reached skill level 8 in Fighting
  4262 | D:5      | Reached skill level 5 in Maces & Flails
  4262 | D:5      | Reached XP level 8. HP: 49/55 MP: 8/8
  4312 | D:5      | Found a staircase to the Ecumenical Temple.
  4333 | Temple   | Entered the Ecumenical Temple
  4423 | Temple   | Became a worshipper of Makhleb the Destroyer
  4661 | D:5      | Reached skill level 9 in Fighting
  4782 | D:5      | Found a runed door.
  5153 | D:5      | Noticed Crazy Yiuf
  5156 | D:5      | Killed Crazy Yiuf
  5212 | D:6      | Gained mutation: Your flesh is heat resistant. (rF+) [potion of beneficial mutation]
  5304 | D:6      | Reached XP level 9. HP: 58/61 MP: 9/9
  5313 | D:6      | Reached * piety under Makhleb
  5407 | D:6      | Gained mutation: Your flesh is cold resistant. (rC+) [potion of beneficial mutation]
  5576 | D:6      | Found a radiant altar of Vehumet.
  5687 | D:6      | Found a glowing drain.
  5775 | Sewer    | Entered a sewer
  5821 | Sewer    | Noticed Purgy
  5829 | Sewer    | Killed Purgy
  5829 | Sewer    | Reached skill level 10 in Fighting
  5919 | Sewer    | Got an ichor-stained plate armour
  6141 | D:7      | Found an iron altar of Okawaru.
  6145 | D:7      | Noticed Menkaure
  6163 | D:7      | Killed Menkaure
  6206 | D:7      | Noticed StoryTimeSA's ghost (novice FoCj)
  6226 | D:7      | Killed StoryTimeSA's ghost
  6356 | D:7      | Reached ** piety under Makhleb
  6612 | D:7      | Found a flagged portal.
  6654 | D:7      | Reached XP level 10. HP: 68/68 MP: 10/10
  6706 | D:7      | Reached skill level 11 in Fighting
  7112 | D:7      | Reached skill level 10 in Armour
  7498 | D:7      | Identified the cursed +1 plate armour of Alemiwk {rElec MR+} (You found it in a sewer)
  7727 | D:7      | Found a bloodstained altar of Trog.
  7810 | D:7      | Found a blossoming altar of Fedhas.
  8145 | D:8      | Found a staircase to the Lair.
  8356 | D:8      | Reached *** piety under Makhleb
  8643 | D:8      | Found a radiant altar of Vehumet.
  8870 | D:8      | Found a sacrificial altar of Ru.
  8999 | D:9      | Reached skill level 1 in Invocations
  9116 | Lair:1   | Entered Level 1 of the Lair of Beasts
  9156 | Lair:1   | Noticed a black mamba
  9178 | D:8      | Killed a black mamba
  9516 | Lair:1   | Noticed an eight-headed hydra
  9530 | Lair:1   | Noticed a seven-headed hydra
  9556 | Lair:1   | Killed a seven-headed hydra
  9556 | Lair:1   | Reached XP level 11. HP: 69/76 MP: 13/13
  9655 | Lair:1   | Killed an eight-headed hydra
  9919 | Lair:1   | Reached skill level 10 in Maces & Flails
 10461 | Lair:1   | Reached **** piety under Makhleb
 11331 | Lair:2   | Noticed Harold
 11627 | Lair:2   | Noticed a five-headed hydra
 11629 | Lair:2   | Noticed an eight-headed hydra
 12019 | D:7      | Fell from the grace of Makhleb
 12019 | D:7      | Became a worshipper of Trog the Wrathful
 12170 | Lair:1   | Killed a five-headed hydra
 12170 | Lair:1   | Reached XP level 12. HP: 46/81 MP: 14/14
 12413 | D:8      | Noticed an Executioner
 12725 | D:9      | Found Amniave's Food Shoppe.
 14407 | D:10     | Entered Level 10 of the Dungeon
 14721 | D:10     | Reached * piety under Trog
 15525 | D:10     | Found a blossoming altar of Fedhas.
 16161 | D:11     | Reached ** piety under Trog
 16518 | D:11     | Noticed a balrug
 16962 | D:11     | Noticed a green death
 17179 | D:9      | Reached skill level 12 in Fighting
 17245 | D:9      | Noticed an Executioner
 17524 | D:8      | Killed an Executioner
 17716 | D:8      | Gained mutation: You are frail. (-10% HP) [a neqoxec]
 18129 | Lair:2   | Killed Harold
 18603 | Lair:2   | Noticed Urug
 18625 | Lair:2   | Killed Urug
 18906 | Lair:2   | Killed an eight-headed hydra
 18906 | Lair:2   | Reached skill level 13 in Fighting
 18906 | Lair:2   | Reached XP level 13. HP: 79/79 MP: 15/15
 19874 | Lair:3   | Found a staircase to the Swamp.
 19974 | Lair:3   | Noticed a balrug
 19983 | Lair:3   | Killed a balrug
 20514 | Lair:3   | Was forgiven by Makhleb
 20786 | Lair:3   | Reached skill level 14 in Fighting
 22025 | Lair:4   | Noticed Dioneo's ghost (journeyman HOAK)
 22418 | Lair:4   | Found a staircase to the Snake Pit.
 22779 | Lair:4   | Killed Dioneo's ghost
 23657 | Lair:5   | Reached skill level 15 in Fighting
 23765 | Lair:5   | Found a staircase to the Slime Pits.
 24225 | Lair:5   | Noticed Nessos
 24341 | Lair:5   | Killed Nessos
 24822 | Lair:4   | Gained mutation: Your large and strong wings let you fly indefinitely. [Gargoyle growth]
 24822 | Lair:4   | Reached XP level 14. HP: 85/88 MP: 16/16
 25260 | Lair:6   | Entered Level 6 of the Lair of Beasts
 25616 | Lair:5   | Reached *** piety under Trog
 25777 | Lair:6   | Reached skill level 5 in Shields
 25805 | Lair:6   | Reached skill level 16 in Fighting
 27109 | Lair:6   | Noticed a dire elephant
 27141 | Lair:6   | Killed a dire elephant
 27172 | Lair:6   | Noticed a dire elephant
 27331 | Lair:6   | Noticed a dire elephant
 27331 | Lair:6   | Noticed a dire elephant
 27552 | Lair:6   | Noticed a dire elephant
 28173 | Lair:5   | Killed a dire elephant
 28593 | Lair:6   | Noticed a dire elephant
 28623 | Lair:5   | Killed a dire elephant
 28729 | Lair:5   | Killed a dire elephant
 29033 | Lair:6   | Killed a dire elephant
 29233 | Lair:6   | Reached skill level 17 in Fighting
 29781 | D:9      | Killed an Executioner
 30139 | D:9      | Found a glowing golden altar of the Shining One.
 31447 | D:12     | Reached XP level 15. HP: 96/96 MP: 17/17
 31829 | D:12     | Reached **** piety under Trog
 32485 | D:12     | Reached ***** piety under Trog
 33007 | D:12     | Found a staircase to the Orcish Mines.
 33442 | Orc:1    | Entered Level 1 of the Orcish Mines
 33639 | Orc:1    | Noticed an orc warlord
 34057 | D:12     | Killed an orc warlord
 34418 | Orc:1    | Noticed an orc warlord
 34454 | D:12     | Killed an orc warlord
 34483 | D:12     | Received a gift from Trog
 34938 | Orc:1    | Reached skill level 1 in Dodging
 34948 | Orc:1    | Received a gift from Trog
 35218 | Orc:1    | Found a roughly hewn altar of Beogh.
 35509 | Orc:2    | Entered Level 2 of the Orcish Mines
 35574 | Orc:2    | Noticed Millan's ghost (journeyman MiFi)
 36016 | Orc:2    | Killed Millan's ghost
 36308 | Orc:2    | Found a staircase to the Elven Halls.
 36313 | Orc:2    | Found Jeahubus's General Store.
 36321 | Orc:2    | Bought a scroll of blinking for 127 gold pieces
 36908 | Orc:2    | Found Limnups's Book Emporium.
 36955 | Orc:2    | Noticed Nergalle
 36979 | Orc:2    | Killed Nergalle
 37108 | Orc:2    | Found an ancient bone altar of Kikubaaqudgha.
 37557 | Orc:2    | Found a radiant altar of Vehumet.
 37588 | Orc:2    | Found a roughly hewn altar of Beogh.
 37588 | Orc:2    | Found Lyevam's Distillery.
 37658 | Orc:2    | Received a gift from Trog
 37713 | Orc:2    | Reached skill level 15 in Maces & Flails
 38016 | Orc:2    | Found Joguxkec's Gadget Shoppe.
 38018 | Orc:2    | Bought 2 potions of heal wounds for 110 gold pieces
 38018 | Orc:2    | Bought a potion of beneficial mutation for 385 gold pieces
 38018 | Orc:2    | Bought a potion of heal wounds for 55 gold pieces
 38018 | Orc:2    | Gained mutation: You have a pair of small antennae on your head. [potion of beneficial mutation]
 38025 | Orc:2    | Found Ecaegoysm's Antique Weapon Emporium.
 38578 | Snake:1  | Entered Level 1 of the Snake Pit
 39055 | Snake:1  | Found Jumn's Gadget Shoppe.
 39409 | Snake:1  | Noticed Agnes
 39432 | Snake:1  | Killed Agnes
 40450 | Snake:1  | Reached XP level 16. HP: 94/100 MP: 6/18
 40816 | Snake:2  | Noticed Aizul
 40840 | Snake:1  | Killed Aizul
 41911 | Snake:2  | Noticed Nikola
 41946 | Snake:2  | Killed Nikola
 41962 | Snake:2  | Reached skill level 10 in Shields
 43666 | Snake:3  | Reached skill level 5 in Dodging
 44584 | Snake:4  | Entered Level 4 of the Snake Pit
 44584 | Snake:4  | Noticed a nagaraja
 44584 | Snake:4  | Noticed a nagaraja
 44595 | Snake:3  | Killed a nagaraja
 44641 | Snake:4  | Noticed a nagaraja
 44641 | Snake:4  | Noticed a nagaraja
 44641 | Snake:4  | Noticed a nagaraja
 45094 | Snake:4  | Killed a nagaraja
 45375 | Snake:4  | Reached XP level 17. HP: 105/105 MP: 6/19
 45806 | Snake:4  | Received a gift from Trog
 49440 | Snake:4  | Got a serpentine rune of Zot
 49519 | Snake:4  | Reached XP level 18. HP: 85/111 MP: 6/20
 49598 | Snake:1  | Reached skill level 15 in Shields
 49615 | Snake:1  | Reached skill level 1 in Throwing
 49804 | Swamp:1  | Entered Level 1 of the Swamp
 50223 | Swamp:1  | Noticed Josephine
 50258 | Swamp:1  | Killed Josephine
 51774 | Swamp:2  | Reached skill level 5 in Throwing
 53335 | Swamp:4  | Entered Level 4 of the Swamp
 53335 | Swamp:4  | Noticed SaltIsReal's ghost (adept HuGl)
 53484 | Swamp:4  | Killed SaltIsReal's ghost
 53922 | Swamp:4  | Received a gift from Trog
 54522 | Swamp:4  | Received a gift from Trog
 54840 | Swamp:4  | Reached skill level 18 in Fighting
 55107 | Swamp:4  | Got a decaying rune of Zot
 56279 | D:13     | Received a gift from Trog
 57049 | D:13     | Reached XP level 19. HP: 117/117 MP: 7/21
 57455 | D:14     | Gained mutation: You occasionally shout uncontrollably at your foes. [a neqoxec]
 58320 | D:14     | Found a shadowy altar of Dithmenos.
 58803 | D:14     | Received a gift from Trog
 58858 | D:14     | Reached skill level 10 in Throwing
 58903 | D:14     | Found a gate to the Vaults.
 59265 | D:15     | Entered Level 15 of the Dungeon
 59453 | D:15     | Found a shattered altar of Ashenzari.
 59704 | D:15     | Found a staircase to the Depths.
 59942 | D:15     | Got a polished shield
 59953 | D:15     | Identified the cursed +0 shield of Mebbe {rPois} (You found it on level 15 of the Dungeon)
 60549 | D:15     | Got a faintly glowing steel amulet
 60580 | D:15     | Identified the amulet "Aseal" {Spirit +Inv} (You took it off a boggart on level 15 of the Dungeon)
 60691 | D:15     | Identified the Incunabulum of Boosting Transmigration
 60696 | D:15     | Received a gift from Trog
 60725 | D:15     | Found a basalt altar of Yredelemnul.
 60750 | D:15     | Found Uxeuma's Antique Armour Shop.
 60757 | D:15     | Bought an ichor-stained plate armour for 728 gold pieces
 60767 | D:15     | Identified the +6 plate armour "Taufuix" {MR+ Dex+8} (You bought it in a shop on level 15 of the Dungeon)
 61666 | Slime:1  | Entered Level 1 of the Pits of Slime
 61924 | Slime:2  | Gained mutation: Your magical capacity is low. (-10% MP) [a shining eye]
 61926 | Slime:2  | Gained mutation: Scrolls take you a little longer to read. [a shining eye]
 61939 | Slime:2  | Gained mutation: You are dopey. (Int -2) [a shining eye]
 61943 | Slime:2  | Gained mutation: Your spells are a little easier to cast, but a little less powerful. [a shining eye]
 61962 | Slime:2  | Lost mutation: You occasionally shout uncontrollably at your foes. [a shining eye]
 61973 | Slime:2  | Gained mutation: You tend to lose your temper in combat. [a shining eye]
 61978 | Slime:2  | Gained mutation: You are weak. (Str -2) [a shining eye]
 62352 | Slime:2  | Lost mutation: You tend to lose your temper in combat. [a shining eye]
 62587 | Slime:2  | Lost mutation: You are weak. (Str -2) [a shining eye]
 62591 | Slime:2  | Lost mutation: Your spells are a little easier to cast, but a little less powerful. [a shining eye]
 62598 | Slime:2  | Reached skill level 19 in Fighting
 63034 | Slime:2  | Received a gift from Trog
 63848 | Slime:3  | Reached XP level 20. HP: 92/125 MP: 3/19
 64227 | Vaults:1 | Entered Level 1 of the Vaults
 64488 | Vaults:1 | Received a gift from Trog
 64814 | Vaults:1 | Found a deep blue altar of Sif Muna.
 64858 | Vaults:1 | Received a gift from Trog
 65081 | Vaults:1 | Received a gift from Trog
 65709 | Vaults:1 | Found Fuapicy's Weapon Shop.
 66368 | Vaults:2 | Found Hisih's Gadget Shoppe.
 66493 | Vaults:2 | Received a gift from Trog
 67012 | Vaults:2 | Found a flickering gateway to a bazaar.
 67037 | Vaults:2 | Received a gift from Trog
 67859 | Vaults:2 | Reached skill level 15 in Throwing
 68350 | Vaults:2 | Found a staircase to the Crypt.
 68422 | Vaults:2 | Reached skill level 15 in Armour
 69295 | Vaults:3 | Noticed Margery
 69559 | Vaults:2 | Reached XP level 21. HP: 114/129 MP: 5/20
 69801 | Vaults:3 | Received a gift from Trog
 70393 | Vaults:3 | Reached skill level 20 in Fighting
 70521 | Vaults:3 | Found Uxtusm's Food Boutique.
 70644 | Vaults:3 | Noticed Xtahua
 70667 | Vaults:3 | Killed Xtahua
 70815 | Vaults:3 | Killed Margery
 70867 | Vaults:3 | Received a gift from Trog
 70941 | Vaults:3 | Received a gift from Trog
 71422 | Vaults:3 | Received a gift from Trog
 71779 | Vaults:3 | Received a gift from Trog
 72259 | Vaults:4 | Received a gift from Trog
 72263 | Vaults:4 | Noticed newuser's ghost (veteran MiMo)
 72643 | Vaults:4 | Killed newuser's ghost
 72854 | Vaults:4 | Reached skill level 10 in Dodging
 74083 | Vaults:4 | Reached XP level 22. HP: 116/137 MP: 7/21
 74892 | D:14     | Lost mutation: Your magical capacity is low. (-10% MP) [potion of cure mutation]
 74892 | D:14     | Lost mutation: You are frail. (-10% HP) [potion of cure mutation]
 74892 | D:14     | Lost mutation: Scrolls take you a little longer to read. [potion of cure mutation]
 74892 | D:14     | Lost mutation: Your flesh is heat resistant. (rF+) [potion of cure mutation]
 75143 | Vaults:5 | Entered Level 5 of the Vaults
 75180 | Vaults:5 | Noticed a golden dragon
 75217 | Vaults:5 | Killed a golden dragon
 75619 | Vaults:5 | Reached skill level 21 in Fighting
 75776 | Vaults:5 | Received a gift from Trog
 75861 | Vaults:5 | Noticed a golden dragon
 76547 | Vaults:5 | Upgraded the game from 0.19.0-19-g8c6edcc to 0.19.0-20-gbc5f0c6
 76929 | Vaults:5 | Received a gift from Trog
 76937 | Vaults:5 | Noticed a golden dragon
 78799 | Vaults:4 | Received a gift from Trog
 79181 | Vaults:4 | Reached XP level 23. HP: 53/160 MP: 5/25
 80133 | Vaults:5 | Got a pair of spiked boots
 80144 | Vaults:5 | Identified the cursed +0 pair of boots of the Tired Lives {+Inv rF+} (You found it on level 5 of the Vaults)
 80185 | Vaults:5 | Killed a golden dragon
 80202 | Vaults:5 | Received a gift from Trog
 80757 | Vaults:4 | Reached skill level 1 in Evocations
 81045 | Elf:1    | Entered Level 1 of the Elven Halls
 81270 | Elf:1    | Found Qaujeyv's Food Boutique.
 81802 | Elf:1    | Received a gift from Trog
 81934 | Elf:1    | Noticed Azrael
 81948 | Elf:1    | Killed Azrael
 81965 | Elf:1    | Reached skill level 5 in Evocations
 82112 | Elf:1    | Received a gift from Trog
 82290 | Elf:1    | Got a pair of smoking gloves
 82291 | Elf:1    | Identified the +1 pair of gloves of Instinct {rN++ Dex-3 SInv} (You found it on level 1 of the Elven Halls)
 82397 | Elf:1    | Bought a meat ration for 70 gold pieces
 82397 | Elf:1    | Bought a meat ration for 70 gold pieces
 82887 | Elf:2    | Received a gift from Trog
 83044 | Elf:2    | Received a gift from Trog
 83641 | Elf:2    | Found a runed gate.
 83641 | Elf:2    | Found a runed gate.
 83646 | Elf:2    | Received a gift from Trog
 83647 | Elf:2    | Found a runed gate.
 83993 | Elf:2    | Noticed Asterion
 84032 | Elf:2    | Killed Asterion
 84172 | Elf:2    | Noticed Saint Roka
 84190 | Elf:2    | Noticed Louise
 84266 | Elf:2    | HP: 1/160 [Saint Roka/divine providence (14)]
 84267 | Elf:2    | Killed from afar by Saint Roka

Skill      XL: |  1  2  3  4  5  6  7  8  9 10 11 12 13 14 15 16 17 18 19 20 21 22 23 |
---------------+----------------------------------------------------------------------+-----
Fighting       | 4 5 6 8 9 10 11 13 15 17 18 19 20 21 | 21.6
Maces & Flails | 3 5 6 8 12 14 15 16 17 | 17.3
Armour         | 4 5 6 9 10 11 12 13 14 15 16 17 | 17.5
Invocations    | 2 |  2.9
Shields        | 4 7 9 11 14 15 16 | 16.0
Dodging        | 1 7 9 10 12 | 12.2
Throwing       | 9 12 15 | 15.0
Evocations     | 9 |  9.0

Action                   |  1- 3 |  4- 6 |  7- 9 | 10-12 | 13-15 | 16-18 | 19-21 | 22-24 || total
-------------------------+-------+-------+-------+-------+-------+-------+-------+-------++-------
Melee: Flail             |   122 |   162 |   571 |  1514 |  2340 |       |       |       ||  4709
       Morningstar       |       |       |       |       |   583 |  2464 |  2633 |  1602 ||  7282
Throw: Javelin           |       |       |       |       |       |       |   262 |   215 ||   477
       Tomahawk          |       |       |       |       |       |       |       |    29 ||    29
Invok: Trog's Hand       |       |       |       |     5 |    19 |    15 |    21 |    11 ||    71
       Berserk           |       |       |       |     4 |    10 |       |       |     1 ||    15
       Brothers in Arms  |       |       |       |       |     6 |    13 |    16 |     8 ||    43
       Burn Spellbooks   |       |       |       |       |     2 |     1 |     1 |     1 ||     5
 Abil: Fly               |       |       |       |       |     2 |     2 |       |       ||     4
       Stop Flying       |       |       |       |       |     2 |     1 |       |       ||     3
Evoke: Wand              |       |       |       |       |       |       |       |     1 ||     1
  Use: Potion            |     2 |     1 |     4 |     7 |     5 |     3 |     2 |     8 ||    32
       Scroll            |       |     4 |    14 |    16 |     8 |    12 |     9 |    23 ||    86
 Stab: Invisible         |       |       |     1 |       |       |       |       |       ||     1
       Distracted        |       |       |       |       |       |     1 |     2 |       ||     3
  Eat: Chunk             |       |     6 |    15 |    39 |    74 |    44 |    54 |    22 ||   254
       Fruit             |       |       |       |     2 |    19 |    20 |     8 |       ||    49
       Pizza             |       |       |       |     2 |       |     5 |     2 |       ||     9
       Beef jerky        |       |       |       |     1 |       |       |     5 |     1 ||     7
       Bread ration      |       |       |       |       |       |       |       |     4 ||     4
Armor: Scale mail        |   101 |   111 |   325 |   125 |       |       |       |       ||   662
       Plate armour      |       |       |       |  1228 |  1785 |  1395 |  1438 |   726 ||  6572
Dodge: Dodged            |    55 |    49 |   136 |   313 |   521 |   728 |   944 |   574 ||  3320
Block: Shield            |    97 |    90 |   285 |   867 |  1262 |  1499 |  1776 |   879 ||  6755
